 Dungeon Crawl Stone Soup version 0.22-a0-533-g4d20840 (webtiles) character file.

4769 Mgcat the Severer (level 10, -2/81 HPs)
             Began as a Hill Orc Gladiator on June 22, 2018.
             Was an Elder of Ru.
             Slain by a killer bee (3 damage)
             ... on level 9 of the Dungeon.
             The game lasted 00:25:32 (9593 turns).

Mgcat the Severer (Hill Orc Gladiator)              Turns: 9593, Time: 00:25:33

Health: -2/81      AC: 11    Str: 21    XL:     10   Next: 47%
Magic:  10/10      EV:  9    Int:  8    God:    Ru [****..]
Gold:   296        SH:  0    Dex: 12    Spells: 9/9 levels left

rFire    . . .     SeeInvis +   i - +4 battleaxe
rCold    . . .     Gourm    .   (shield currently unavailable)
rNeg     . . .     Faith    .   b - +0 leather armour
rPois    .         Spirit   .   s - +2 helmet {SInv}
rElec    .         Reflect  .   (no cloak)
rCorr    .         Harm     .   o - +1 pair of gloves
MR       .....                  (no boots)
Stlth    +.........             (no amulet)
HPRegen  0.23/turn              a - ring of flight {+Fly, !d}
MPRegen  0.12/turn              c - +2 ring of protection

@: lethally poisoned (-2 -> -5)
A: inability to use devices, reduced EV 1
a: Draw Out Power, Power Leap, Renounce Religion


You were on level 9 of the Dungeon.
You worshipped Ru.
Ru was greatly pleased with you.
You were hungry.

You visited 1 branch of the dungeon, and saw 9 of its levels.

You collected 296 gold pieces.

Inventory:

Hand Weapons
 e - a +0 war axe
   (You took it off an orc warrior on level 7 of the Dungeon)
 i - a +4 battleaxe (weapon)
   (You took it off a wight on level 8 of the Dungeon)
Missiles
 d - 5 throwing nets {=f, !d}
Armour
 b - a +0 leather armour (worn)
 o - a +1 pair of gloves (worn)
   (You found it on level 3 of the Dungeon)
 s - a +2 helmet of see invisible (worn)
   (You found it on level 3 of the Dungeon)
Jewellery
 a - a ring of flight (left hand) {+Fly, !d}
   (You took it off a human on level 7 of the Dungeon)
 c - a +2 ring of protection (right hand)
   (You found it on level 7 of the Dungeon)
 k - a +5 ring of intelligence
   (You found it on level 1 of the Dungeon)
 r - a +3 ring of intelligence
   (You found it on level 3 of the Dungeon)
Scrolls
 g - 4 scrolls of identify
 h - 5 scrolls of remove curse
 l - 5 scrolls of teleportation
 m - 3 scrolls of fog
 n - a scroll of amnesia
 t - a scroll of immolation {!r}
Potions
 j - a potion of haste
 p - a potion of agility
 q - 2 potions of resistance
 u - a potion of brilliance
Comestibles
 f - 16 rations


   Skills:
 - Level 5.3 Fighting
 + Level 15.7 Axes
 - Level 1.7 Throwing
 - Level 5.0 Armour
 - Level 5.2 Dodging


You had 9 spell levels left.
You didn't know any spells.
Your spell library contained the following spells:

 Spells                   Type           Power        Failure   Level  Hunger
 Magic Dart               Conj           #...         45%         1    ##.....
 Fireball                 Conj/Fire      #.........   100%        5    ######.
 Conjure Flame            Conj/Fire      #.......     83%         3    ####...
 Confuse                  Hex            #.......     83%         3    ####...
 Throw Flame              Conj/Fire      #.....       58%         2    ###....
 Iskenderun's Mystic Bla  Conj           #.......     99%         4    #####..
 Sticky Flame             Conj/Fire      #.......     99%         4    #####..
 Spider Form              Tmut/Pois      #.........   83%         3    ####...
 Blade Hands              Tmut           #.........   100%        5    ######.
 Ice Form                 Ice/Tmut       #.......     99%         4    #####..
 Confusing Touch          Hex            #.....       45%         1    ##.....
 Flame Tongue             Conj/Fire      #....        45%         1    ##.....
 Sticks to Snakes         Tmut           #.......     58%         2    ###....
 Metabolic Englaciation   Hex/Ice        #.........   100%        5    ######.
 Petrify                  Tmut/Erth      #.......     99%         4    #####..
 Inner Flame              Hex/Fire       #.......     83%         3    ####...
 Beastly Appendage        Tmut           #.....       45%         1    ##.....
 Fulminant Prism          Conj/Hex       #.........   99%         4    #####..
 Dazzling Spray           Conj/Hex       #.....       83%         3    ####...
 Force Lance              Conj/Tloc      #.......     99%         4    #####..
 Searing Ray              Conj           #.....       58%         2    ###....
 Gell's Gravitas          Tloc           #.........   83%         3    ####...
 Yara's Violent Unravell  Hex/Tmut       #.........   100%        5    ######.


Dungeon Overview and Level Annotations

Branches:
Dungeon (9/15)             Temple (0/1) D:5
   Lair: D:8-11         Orc: D:9-12

Altars:
Cheibriados
Ru
Sif Muna
Xom
The Shining One

Annotations:
D:6 3 runed doors, Amnesiac's ghost, novice SpEE; GameOver's ghost, novice NaWz; Goblin1989's ghost, novice DsTm


Innate Abilities, Weirdness & Mutations

You cannot study or use magical devices.
You have somewhat slow reflexes. (EV -5)


Message History

You slice the adder skeleton!!
You destroy the adder skeleton!
A killer bee comes into view.
The killer bee closely misses you.
The killer bee is stunned by your will and fails to attack.
The killer bee barely misses you.
The killer bee stings you but does no damage.
The killer bee closely misses you. x2
The killer bee stings you but does no damage.
There is a stone staircase leading up here.
You slash the killer bee!
The killer bee is severely wounded.
You slash the killer bee! The killer bee stings you.
You are poisoned.
The killer bee poisons you!
You focus your will and illuminate the killer bee in retribution!
The killer bee stings you. The killer bee barely misses you.
The killer bee misses you.
You miss the killer bee.
The killer bee is severely wounded.
You closely miss the killer bee.
You feel sick. The killer bee barely misses you.
The killer bee stings you but does no damage.
The killer bee stings you. The killer bee closely misses you.
The killer bee stings you but does no damage.
You slash the killer bee!
You kill the killer bee!
You hit the killer bee. You slash the killer bee!
You kill the killer bee!
Your Axes skill increases to level 15!
You feel sick. The killer bee completely misses you. The killer bee stings you.
You slash the two-headed ogre!
The two-headed ogre is lightly wounded.
You miss the killer bee.
You redirect the killer bee's attack!
The killer bee completely misses itself.
The two-headed ogre hits you with a giant spiked club.
The two-headed ogre barely misses you.
The killer bee stings you but does no damage.
You hit the two-headed ogre.
The two-headed ogre is lightly wounded.
You completely miss the killer bee.
The killer bee stings you but does no damage.
The killer bee barely misses you. The two-headed ogre closely misses you.
The two-headed ogre barely misses you.
You completely miss the two-headed ogre.
The two-headed ogre is lightly wounded.
You closely miss the killer bee. x2; You feel sick.
The killer bee stings you.
You redirect the killer bee's attack!
The killer bee misses the killer bee.
The killer bee barely misses you.
You slice the two-headed ogre!!
The two-headed ogre is heavily wounded.
You hit the killer bee. You closely miss the killer bee.
You hear an angry buzzing noise.
The killer bee stings you but does no damage.
The killer bee closely misses you. The killer bee stings you.
The two-headed ogre hits you but does no damage.
The two-headed ogre hits you with a giant club!!
You focus your will and slow the two-headed ogre in retribution!
The killer bee stings you but does no damage.
You hear a bark! x2
You hit the two-headed ogre.
The two-headed ogre is severely wounded.
You barely miss the killer bee. You completely miss the killer bee.
You closely miss the killer bee.
The killer bee stings you but does no damage. x2
The killer bee stings you.
The killer bee stings you but does no damage.
The killer bee stings you!
* * * LOW HITPOINT WARNING * * *
You are more poisoned.
The killer bee poisons you! The killer bee completely misses you.
You slice the two-headed ogre!!
The two-headed ogre is almost dead.
You hit the killer bee. You slice the killer bee!!
You kill the killer bee!
You slice the killer bee!!
You kill the killer bee!
You feel sick.
You hear an angry buzzing noise.
The killer bee stings you.
* * * LOW HITPOINT WARNING * * *
The killer bee completely misses you. The two-headed ogre barely misses you.
The two-headed ogre hits you with a giant club!
* * * LOW HITPOINT WARNING * * *
Okay, then.
Unknown command.
Unknown command.
Okay, then.
Unknown command.
Unknown command.
Unknown command.
You hit the two-headed ogre.
You kill the two-headed ogre!
You closely miss the leopard gecko. You slash the killer bee!
* * * LOW HITPOINT WARNING * * *
You feel sick.
The killer bee stings you but does no damage.
The leopard gecko barely misses you. The killer bee stings you.
You die...

#...##..!≈≈
#......!≈..
#..|.......
#..........
#..........
#$}..O...!.
#..y##l...#
#..)## .y.#
#..l@+ y..
#...y# yy
#....# .
#....#
#...!#
#....#
#....#
#....#


You could see 2 killer bees and a leopard gecko.

Vanquished Creatures
  A two-headed ogre (D:9)
  A gargoyle (D:8)
  A wyvern (D:8)
  A human (D:7)
  4 hogs (D:7)
  Edmund (D:5)
  A water moccasin (D:7)
  An orc warrior (D:7)
  4 slaves (D:7)
  2 phantoms (D:6)
  A necrophage (D:8)
  2 centaurs
  4 ogres
  The ghost of ThisFiasco the Digger, an amateur GrEE (D:3)
  3 bullfrogs
  A gnoll sergeant (D:6)
  A scorpion (D:5)
  4 killer bees (D:9)
  3 howler monkeys
  8 wights
  2 crimson imps
  A bullfrog zombie (D:4)
  A hound (D:8)
  A jelly (D:9)
  5 orc priests
  2 bullfrog skeletons
  Natasha (thrice) (D:2)
  4 orc wizards
  6 worker ants
  A hound skeleton (D:5)
  10 gnolls
  8 adders
  A shadow imp (D:5)
  An ooze (D:3)
  4 adder skeletons
  3 worms
  3 dart slugs
  2 leopard geckos
  25 orcs
  5 bats
  3 giant cockroaches
  8 goblins
  10 hobgoblins
  9 jackals
  4 quokkas
  2 ball pythons (D:3)
  5 frilled lizards
  7 kobolds
  A quokka skeleton (D:5)
  A quokka zombie (D:5)
  3 rats
186 creatures vanquished.

Vanquished Creatures (others)
  4 withered plants (D:6)
4 creatures vanquished.

Grand Total: 190 creatures vanquished

Notes
Turn   | Place    | Note
-------+----------+-------------------------------------------
     0 | D:1      | Mgcat the Hill Orc Gladiator began the quest for the Orb.
     0 | D:1      | Reached XP level 1. HP: 18/18 MP: 1/1
   101 | D:1      | Reached XP level 2. HP: 18/25 MP: 2/2
   257 | D:1      | Reached skill level 5 in Axes
   670 | D:1      | Reached XP level 3. HP: 27/30 MP: 3/3
  1095 | D:2      | Reached skill level 6 in Axes
  1106 | D:2      | Noticed Natasha
  1116 | D:2      | HP: 3/30 [Natasha (6)]
  1119 | D:2      | Killed Natasha
  1119 | D:2      | Reached XP level 4. HP: 4/37 MP: 4/4
  1261 | D:2      | Noticed Natasha
  1275 | D:2      | HP: 6/37 [white imp/puff of frost[Natasha] (9)]
  1642 | D:2      | Killed Natasha
  1642 | D:2      | Reached skill level 7 in Axes
  1728 | D:2      | Noticed Natasha
  1739 | D:2      | HP: 6/37 [Natasha (7)]
  1740 | D:2      | Killed Natasha
  1740 | D:2      | Reached XP level 5. HP: 7/42 MP: 5/5
  2299 | D:3      | Reached skill level 8 in Axes
  2366 | D:3      | Found a sacrificial altar of Ru.
  2499 | D:3      | Noticed an ogre
  2508 | D:3      | Killed an ogre
  2508 | D:3      | Reached skill level 9 in Axes
  2508 | D:3      | Reached XP level 6. HP: 46/50 MP: 6/6
  2576 | D:3      | Found a runed door.
  2578 | D:3      | Noticed ThisFiasco's ghost (amateur GrEE)
  2774 | D:3      | Became a worshipper of Ru the Awakened
  3213 | D:4      | Found a shimmering altar of Xom.
  3259 | D:4      | Found a deep blue altar of Sif Muna.
  3527 | D:4      | You fall through a shaft for 3 floors!
  3535 | D:7      | Found a snail-covered altar of Cheibriados.
  3677 | D:6      | Reached skill level 10 in Axes
  3677 | D:6      | Reached XP level 7. HP: 48/56 MP: 7/7
  3694 | D:6      | HP: 14/56 [poisoned by a gnoll sergeant]
  3700 | D:6      | HP: 11/56 [poisoned by a gnoll sergeant]
  3705 | D:6      | HP: 10/56 [poisoned by a gnoll sergeant]
  3712 | D:6      | HP: 9/56 [poisoned by a gnoll sergeant]
  3720 | D:6      | HP: 9/56 [poisoned by a gnoll sergeant]
  4118 | D:6      | HP: 14/56 [poisoned by a gnoll sergeant]
  4125 | D:6      | HP: 12/56 [poisoned by a gnoll sergeant]
  4132 | D:6      | HP: 12/56 [poisoned by a gnoll sergeant]
  4139 | D:6      | HP: 11/56 [poisoned by a gnoll sergeant]
  4144 | D:6      | HP: 8/56 [poisoned by a gnoll sergeant]
  4149 | D:6      | HP: 6/56 [poisoned by a gnoll sergeant]
  4154 | D:6      | HP: 5/56 [poisoned by a gnoll sergeant]
  4161 | D:6      | HP: 4/56 [poisoned by a gnoll sergeant]
  4169 | D:6      | HP: 3/56 [poisoned by a gnoll sergeant]
  4473 | D:6      | Reached skill level 11 in Axes
  4604 | D:6      | Reached XP level 8. HP: 51/62 MP: 8/8
  4610 | D:6      | Reached skill level 12 in Axes
  4697 | D:7      | You fall through a shaft!
  4930 | D:8      | Noticed a gargoyle
  4940 | D:8      | HP: 14/62 [gargoyle/mace (8)]
  4957 | D:8      | HP: 7/62 [gargoyle/stone arrow (8)]
  4962 | D:8      | Gained mutation: You cannot study or use magical devices. [Ru sacrifice]
  4962 | D:8      | Reached * piety under Ru
  4962 | D:8      | Reached ** piety under Ru
  4968 | D:8      | Killed a gargoyle
  4968 | D:8      | Reached skill level 13 in Axes
  5209 | D:8      | Noticed a wyvern
  5266 | D:8      | HP: 13/62 [wyvern (14)]
  5267 | D:8      | Killed a wyvern
  5309 | D:8      | Reached skill level 14 in Axes
  5444 | D:8      | Reached skill level 3 in Fighting
  5631 | D:7      | Reached XP level 9. HP: 68/71 MP: 9/9
  5636 | D:7      | Reached skill level 4 in Fighting
  5694 | D:7      | Reached skill level 5 in Fighting
  5696 | D:7      | HP: 10/74 [orc priest/divine providence (10)]
  5697 | D:7      | Reached skill level 1 in Armour
  5949 | D:7      | Found a glowing golden altar of the Shining One.
  6010 | D:7      | Reached skill level 2 in Armour
  6247 | D:5      | Entered Level 5 of the Dungeon
  6273 | D:5      | Reached skill level 3 in Armour
  6529 | D:3      | Killed ThisFiasco's ghost
  6809 | D:5      | Reached skill level 4 in Armour
  6857 | D:5      | Noticed Edmund
  6865 | D:5      | Killed Edmund
  7117 | D:5      | Found a staircase to the Ecumenical Temple.
  7275 | D:5      | Reached skill level 5 in Armour
  7332 | D:6      | Reached skill level 3 in Dodging
  7615 | D:6      | Found a runed gate.
  7615 | D:6      | Found a runed gate.
  7615 | D:6      | Found a runed gate.
  7615 | D:6      | Noticed Amnesiac's ghost (novice SpEE)
  7616 | D:6      | Noticed GameOver's ghost (novice NaWz)
  7616 | D:6      | Noticed Goblin1989's ghost (novice DsTm)
  8195 | D:7      | Reached skill level 4 in Dodging
  8453 | D:7      | HP: 9/74 [hog (10)]
  8459 | D:7      | HP: 17/74 [hog (6)]
  8463 | D:7      | Reached skill level 5 in Dodging
  8463 | D:7      | Reached XP level 10. HP: 19/81 MP: 10/10
  8468 | D:7      | HP: 13/81 [hog (7)]
  8864 | D:7      | Gained mutation: You have somewhat slow reflexes. (EV -5) [Ru sacrifice]
  8864 | D:7      | Reached *** piety under Ru
  8864 | D:7      | Reached **** piety under Ru
  9576 | D:9      | Noticed a two-headed ogre
  9586 | D:9      | Reached skill level 15 in Axes
  9591 | D:9      | HP: 17/81 [killer bee (9)]
  9592 | D:9      | HP: 2/81 [two-headed ogre/giant spiked club (13)]
  9593 | D:9      | Killed a two-headed ogre
  9593 | D:9      | Slain by a killer bee

Vault maps used:
D:1:      dpeg_arrival_signposts
D:2:      chequers_ecumenical_altar_grove, first_ration, uniq_natasha
D:3:      overflow_temple_1_default, ebering_ghost_inner_flame
D:4:      led_sif_pool, xom_teletrap_fun
D:5:      minmay_temple_entry_statues_pillars, uniq_edmund
D:6:      gammafunk_ghost_cemetery
D:7:      nicolae_tso_carved_into_rock, lemuel_coloured_pillars_altar,
          grunt_livestock, feat_on_display, uniq_pikel
D:9:      erik_lair_island

Skill      XL: |  1  2  3  4  5  6  7  8  9 10 |
---------------+-------------------------------+-----
Axes           | 5 6 7 9 10 11 14 15 | 15.7
Fighting       | 3 5 |  5.3
Armour         | 5 |  5.0
Dodging        | 5 |  5.2
Throwing       | |  1.7

Action                   |  1- 3 |  4- 6 |  7- 9 | 10-12 || total
-------------------------+-------+-------+-------+-------++-------
Melee: War axe           |    67 |   176 |   116 |       ||   359
       Battleaxe         |       |       |   195 |    55 ||   250
Invok: Sacrifice Artific |       |       |     1 |       ||     1
       Sacrifice Health  |       |       |       |     1 ||     1
Evoke: Wand              |       |       |     1 |       ||     1
  Use: Potion            |     3 |     4 |     7 |       ||    14
       Scroll            |       |     7 |     7 |     1 ||    15
 Stab: Paralysed         |       |       |     4 |       ||     4
       Distracted        |       |       |     1 |       ||     1
       Invisible         |       |       |       |     1 ||     1
  Eat: Chunk             |     1 |     8 |    15 |     3 ||    27
Armor: Leather armour    |    21 |    45 |    62 |    21 ||   149
Dodge: Dodged            |    61 |   135 |   167 |    33 ||   396

Table legend:
 A = Spawn XP
 B = Non-spawn XP
 C = Spawn XP percentage of total XP
 D = Spawn monster count
 E = Non-spawn monster count
 F = Spawn count percentage of total count
 G = Total turns spent on level
                    A         B        C        D         E        F      G
               +---------+---------+-------+---------+---------+-------+---------
         Total |       0 |    6814 |   0.0 |       0 |     182 |   0.0 |  9593
               +---------+---------+-------+---------+---------+-------+---------
           D:1 |       0 |      39 |   0.0 |       0 |      25 |   0.0 |  1371
           D:2 |       0 |     163 |   0.0 |       0 |      17 |   0.0 |   906
           D:3 |       0 |     377 |   0.0 |       0 |      18 |   0.0 |   711
           D:4 |       0 |     196 |   0.0 |       0 |      12 |   0.0 |   933
           D:5 |       0 |     428 |   0.0 |       0 |      20 |   0.0 |   681
           D:6 |       0 |    1234 |   0.0 |       0 |      29 |   0.0 |  2088
           D:7 |       0 |    1786 |   0.0 |       0 |      24 |   0.0 |  1458
           D:8 |       0 |    1366 |   0.0 |       0 |      30 |   0.0 |  1422
           D:9 |       0 |    1225 |   0.0 |       0 |       7 |   0.0 |    23
               +---------+---------+-------+---------+---------+-------+---------

Vault maps used:
D:1:      dpeg_arrival_signposts
D:2:      chequers_ecumenical_altar_grove, first_ration, uniq_natasha
D:3:      overflow_temple_1_default, ebering_ghost_inner_flame
D:4:      led_sif_pool, xom_teletrap_fun
D:5:      minmay_temple_entry_statues_pillars, uniq_edmund
D:6:      gammafunk_ghost_cemetery
D:7:      nicolae_tso_carved_into_rock, lemuel_coloured_pillars_altar,
          grunt_livestock, feat_on_display, uniq_pikel
D:9:      erik_lair_island

Table legend:
 A = Turns spent in this place as a percentage of turns spent in the entire game.
 B = Non-inter-level travel turns spent in this place as a percentage of non-inter-level travel turns spent in the entire game.
 C = Inter-level travel turns spent in this place as a percentage of turns spent in this place.
 D = Turns resting spent in this place as a percentage of non-inter-level travel turns spent in this place.
 E = Turns spent auto-exploring this place as a percentage of non-inter-level travel turns spent in this place.
 F = Non-inter-level travel turns spent in this place divided by the number of levels of this place that you've seen.
                   A       B       C       D       E      F
               +-------+-------+-------+-------+-------+----------------------
         Total | 100.0 | 100.0 |   5.2 |   6.3 |  76.7 | 1010.8
       Dungeon | 100.0 | 100.0 |   5.2 |   6.3 |  76.7 | 1010.8
               +-------+-------+-------+-------+-------+----------------------

Table legend:
 A = Kills in this place as a percentage of kills in entire the game.
 B = Kills by you in this place as a percentage of kills by you in the entire game.
 C = Kills by friends in this place as a percentage of kills by friends in the entire game.
 D = Other kills in this place as a percentage of other kills in the entire game.
 E = Experience gained in this place as a percentage of experience gained in the entire game.
 F = Experience gained in this place divided by the number of levels of this place that you have seen.
                   A       B       C       D       E      F
               +-------+-------+-------+-------+-------+----------------------
         Total | 100.0 | 100.0 |   N/A |   N/A | 100.0 | 757.1
       Dungeon | 100.0 | 100.0 |   N/A |   N/A | 100.0 | 757.1
               +-------+-------+-------+-------+-------+----------------------
